 Dungeon Crawl Stone Soup version 0.29.1-1-gd02db6906a (webtiles) character file.

Game seed: 3827254040292947226

709 lonewolfV2 the Shield-Bearer (level 7, -1/63 HPs)
             Began as a Minotaur Fighter on Oct 17, 2022.
             Slain by Duvessa
             ... wielding a +0 short sword
              (10 damage)
             ... on level 4 of the Dungeon.
             The game lasted 00:05:44 (4198 turns).

lonewolfV2 the Shield-Bearer (Minotaur Fighter)     Turns: 4198, Time: 00:05:45

Health: -1/63      AC:  7    Str: 22    XL:     7   Next: 40%
Magic:  6/6        EV:  9    Int:  5    God:
Gold:   257        SH:  5    Dex: 10    Spells: 6/6 levels left

rFire   . . .      SeeInvis .   a - +0 long sword
rCold   . . .      Faith    .   c - +0 buckler
rNeg    . . .      Spirit   .   b - +0 scale mail
rPois   .          Reflect  .   (helmet restricted)
rElec   .          Harm     .   (no cloak)
rCorr   .          Rampage  .   (no gloves)
Will    .....                   (no boots)
Stlth   ..........              (no amulet)
HPRegen 0.20/turn               (no ring)
MPRegen 0.10/turn               (no ring)

@: mighty
A: horns 2, retaliatory headbutt
a: no special abilities


You were on level 4 of the Dungeon.
You visited 1 branch of the dungeon, and saw 4 of its levels.

You collected 257 gold pieces.

Inventory:

Hand Weapons
 a - a +0 long sword (weapon)
Armour
 b - a +0 scale mail (worn)
 c - a +0 buckler (worn)
Scrolls
 e - 3 scrolls of identify
 g - a scroll of immolation {unknown}
Potions
 f - 3 potions of flight
 i - 2 potions of heal wounds {unknown}
 j - 2 potions of cancellation


   Skills:
 + Level 6.0 Fighting
 + Level 5.4 Long Blades
 + Level 6.1 Armour
 + Level 6.1 Shields


You had 6 spell levels left.
You didn't know any spells.
Your spell library contained the following spells:

 Spells                   Type           Power      Damage    Failure   Level
 Beastly Appendage        Tmut           0%         N/A       86%         1
 Sublimation of Blood     Necr           0%         N/A       94%         2
 Wereblood                Tmut           0%         N/A       94%         2
 Conjure Flame            Conj/Fire      0%         6-21      99%         3
 Ignite Poison            Fire/Tmut/Pois 0%         N/A       99%         3
 Spider Form              Tmut/Pois      0%         N/A       99%         3
 Petrify                  Tmut/Erth      0%         N/A       100%        4
 Sticky Flame             Conj/Fire      0%         2d3       100%        4
 Irradiate                Conj/Tmut      0%         3d11      100%        5


Dungeon Overview and Level Annotations

Branches:
Dungeon (4/15)
 Temple: D:4-7

Altars:
Ashenzari

Annotations:
D:4 Duvessa


Innate Abilities, Weirdness & Mutations

You have a pair of horns on your head.
You reflexively headbutt those who attack you in melee.


Message History

You hear a distant scream of rage.
Things that are here:
a +0 dagger; a +0 robe
Found an escape hatch in the ceiling.
You now have 257 gold pieces (gained 12).
Duvessa shouts!
Duvessa goes berserk!
Duvessa rages.
Duvessa hits you with a +0 short sword! Duvessa attacks as you move away!
Duvessa hits you with a +0 short sword.
You hit Duvessa. You headbutt Duvessa.
Duvessa is lightly wounded.
Duvessa closely misses you. You furiously retaliate!
You headbutt Duvessa, but do no damage. Duvessa hits you but does no damage.
You closely miss Duvessa.
Duvessa is lightly wounded.
You block Duvessa's attack. x2
You hit Duvessa but do no damage.
Duvessa is lightly wounded.
Duvessa hits you but does no damage. Duvessa hits you with a +0 short sword!
You hit Duvessa. You headbutt Duvessa!
Duvessa is moderately wounded.
Duvessa hits you with a +0 short sword!
* * * LOW HITPOINT WARNING * * *
You feel better.
Duvessa is no longer moving quickly.
Duvessa hits you with a +0 short sword.
* * * LOW HITPOINT WARNING * * *
Duvessa barely misses you. You furiously retaliate!
You headbutt Duvessa!
You feel very mighty all of a sudden. Duvessa barely misses you.
You barely miss Duvessa.
Duvessa is heavily wounded.
Duvessa hits you with a +0 short sword.
* * * LOW HITPOINT WARNING * * *
Duvessa hits you with a +0 short sword.
* * * LOW HITPOINT WARNING * * *
You slash Duvessa! You headbutt Duvessa.
Duvessa is severely wounded.
Duvessa hits you with a +0 short sword!
You die...

## ### ### .## #####. ..... ..#
##..... ..#.. .## #...... #!#.##
# .# ##.......## #.#.##.# .####
.........####.#.##.# .##..
................#.#.###### .##.#
.....<[..#.......###......
.##.####.......e@....†.#.#.###.##
.)..<............#.###)##.## #.#
.##.####.#...#.....# #....# #.#
....# #<##. #####.###.#### #.#
##..# #.## #.....# #.# #..# #.#
###.### #.# #..# #.# ..## #.#
#..# #.# ### #.## #..####.# #)..


You could see Duvessa (berserk).

Vanquished Creatures
  Pikel (D:4)
  A scorpion (D:4)
  Dowan (D:4)
  Jessica (D:3)
  Terence (D:3)
  An iguana (D:4)
  5 adders
  3 worms
  2 dart slugs
  2 orcs (D:3)
  2 ball pythons
  4 endoplasms
  3 giant cockroaches
  4 goblins
  3 hobgoblins
  5 quokkas
  4 bats (D:2)
  3 frilled lizards
  5 kobolds
  6 rats
57 creatures vanquished.

Notes
Turn   | Place    | Note
-------+----------+-------------------------------------------
     0 | D:1      | lonewolfV2 the Minotaur Fighter began the quest for the
                  | Orb.
     0 | D:1      | Reached XP level 1. HP: 19/19 MP: 0/0
   273 | D:1      | Reached XP level 2. HP: 27/27 MP: 1/1
   917 | D:2      | Found a faded altar of an unknown god.
  1253 | D:2      | Reached XP level 3. HP: 28/33 MP: 2/2
  1439 | D:2      | Found a broken altar of Ashenzari.
  2187 | D:3      | Noticed Terence
  2208 | D:3      | Killed Terence
  2209 | D:3      | Reached XP level 4. HP: 2/41 MP: 3/3
  2825 | D:3      | Noticed Jessica
  2839 | D:3      | Killed Jessica
  3692 | D:4      | Noticed a scorpion
  3697 | D:4      | Killed a scorpion
  3698 | D:4      | Reached XP level 5. HP: 42/47 MP: 4/4
  3850 | D:4      | Reached skill level 5 in Shields
  4021 | D:4      | Reached skill level 5 in Fighting
  4021 | D:4      | Reached skill level 5 in Armour
  4088 | D:4      | Noticed a lemure
  4088 | D:4      | Noticed a lemure
  4089 | D:4      | Noticed Pikel
  4089 | D:4      | Noticed a lemure
  4089 | D:4      | Noticed a lemure
  4099 | D:4      | Killed Pikel
  4100 | D:4      | Reached skill level 5 in Long Blades
  4100 | D:4      | Reached XP level 6. HP: 57/57 MP: 5/5
  4100 | D:4      | Reached XP level 7. HP: 62/62 MP: 6/6
  4151 | D:4      | Noticed Dowan
  4161 | D:4      | Noticed Duvessa
  4171 | D:4      | Killed Dowan
  4198 | D:4      | Slain by Duvessa

Illustrated notes

Levels and vault maps discovered:
D:1:      lightli_arrival_statue_moat, layout_rooms
D:2:      minmay_general_purpose_star, layout_loops_corners,
          hellmonk_ecumenical_altar_heavens_door, basic_altar,
          grunt_ministairs_4, patterned_corridor
D:3:      layout_basic, roderic_malta_cross, st_stairs_14, uniq_jessica,
          uniq_terence
D:4:      layout_loops_ring, lightli_temple_of_fire, kennysheep_generic_room_7,
          uniq_duvessa, uniq_pikel

Skill      XL: |  1  2  3  4  5  6  7 |
---------------+----------------------+-----
Armour         | 4 5 6 |  6.1
Shields        | 4 6 |  6.1
Fighting       | 4 5 6 |  6.0
Long Blades    | 3 5 |  5.4

Action                   |  1- 3 |  4- 6 |  7- 9 || total
-------------------------+-------+-------+-------++-------
Melee: Long sword        |    85 |    64 |    15 ||   164
       Headbutt          |     7 |    11 |     4 ||    22
  Use: Scroll            |     7 |     1 |       ||     8
       Potion            |       |     2 |     2 ||     4
Armor: Scale mail        |    44 |    28 |     5 ||    77
Dodge: Dodged            |    55 |    30 |     6 ||    91
Block: Buckler           |    23 |    11 |     2 ||    36
